Map: Lightshade LE

Players

Munte - Winner!

  • Race: Zerg Zerg
  • Spawn Location: 5:00

gonn

  • Race: Zerg Zerg
  • League: Diamond
  • Spawn Location: 11:00

VOD

Have the link to the VOD?

Description

Time

  • Played on: Oct. 14, 2020, 2:46 p.m.
  • Length: 11:56
Show
View Real Time Build Order
Export as new Build Order

Munte Zerg - Winner!

Build Orders: Hatch First 

Get SALT Encoding   

  12  0:03  Drone  
  13  0:12  Overlord  
  13  0:17  Drone  
  14  0:31  Drone x2  
  16  0:52  Hatchery  
  16  0:55  Drone  
  16  0:57  Drone  
  16  0:59  Drone  
  18  1:12  Extractor  
  18  1:15  Spawning Pool  
  16  1:20  Drone  
  16  1:22  Drone  
  18  1:29  Drone  
  19  1:40  Drone  
  20  1:51  Overlord  
  20  2:03  Queen x2  
  20  2:04  Zergling x4  
  26  2:12  Drone  
  27  2:16  Metabolic Boost  
  27  2:18  Drone  
  28  2:35  Drone  
  29  2:39  Drone  
  29  2:41  Hatchery  
  29  2:45  Drone x2  
  31  2:52  Baneling Nest  
  31  2:53  Drone  
  31  3:00  Overlord  
  31  3:07  Overlord  
  31  3:10  Drone x2  
  33  3:13  Zergling x2  
  33  3:17  Zergling x4  
  36  3:24  Queen  
  38  3:29  Zergling x4  
  37  3:42  Baneling x2  
  37  3:44  Zergling x8  
  37  3:45  Zergling x2  
  39  3:58  Drone x4  
  39  4:00  Queen  
  45  4:04  Baneling x3  
  45  4:06  Zergling x2  
  45  4:07  Zergling x4  
  48  4:22  Zergling x2  
  48  4:23  Zergling x10  
  54  4:31  Roach Warren  
  52  4:41  Drone x2  
  52  4:42  Drone x3  
  52  4:44  Extractor  
  51  4:47  Queen, Evolution Chamber  
  52  5:00  Spine Crawler  
  52  5:02  Overlord  
  52  5:05  Drone x3  
  54  5:07  Drone x3  
  54  5:08  Extractor  
  54  5:12  Drone  
  54  5:14  Zerg Missile Weapons Level 1  
  53  5:34  Roach x5  
  53  5:35  Roach  
  65  5:37  Lair  
  65  5:39  Overlord  
  65  5:47  Overlord  
  65  5:54  Overlord  
  65  5:55  Overlord  
  65  5:56  Queen  
  65  5:59  Drone  
  65  6:00  Drone x2  
  70  6:07  Roach x3  
  76  6:13  Evolution Chamber  
  76  6:15  Drone x3  
  76  6:16  Drone  
  78  6:24  Roach x3  
  81  6:39  Extractor, Zerg Ground Armor Level 1  
  80  6:40  Drone x4  
  80  6:41  Drone  
  80  6:44  Overlord, Drone x2  
  87  6:52  Overlord x2  
  87  7:04  Drone x2  
  89  7:09  Hatchery  
  86  7:18  Roach  
  86  7:19  Roach x6  
  99  7:36  Roach  
  99  7:37  Roach x8  
  111  7:43  Roach  
  111  7:44  Roach x3  
  109  7:51  Roach x2  
  105  7:53  Zerg Missile Weapons Level 2  
  99  8:03  Roach x2  
  99  8:05  Roach x3  
  102  8:20  Glial Reconstitution  
  102  8:36  Drone  
  102  8:37  Drone x6  
  102  8:38  Drone x2  
  111  8:44  Hatchery  
  110  8:54  Roach  
  110  8:55  Roach  
  114  8:56  Overlord x3  
  114  9:00  Overlord x2  
  114  9:03  Overlord  
  114  9:15  Zerg Ground Armor Level 2  
  114  9:19  Ravager x5  
  119  9:25  Extractor  
  119  9:26  Zergling x2  
  119  9:27  Zergling x12, Extractor  
  124  9:38  Hydralisk Den  
  123  9:46  Drone x3  
  123  9:47  Drone  
  123  9:48  Drone x2  
  123  9:49  Roach x2  
  123  9:50  Roach x3  
  139  9:57  Roach x3  
  143  10:18  Lurker Den, Roach  
  143  10:19  Roach x6  
  143  10:20  Roach x2  
  156  10:33  Drone  
  156  10:34  Drone x8  
  164  10:41  Overlord x2  
  160  11:00  Roach  
  160  11:01  Roach x10  
  166  11:09  Roach  
  166  11:10  Roach x4  
  151  11:20  Hydralisk x5  
Show
View Real Time Build Order
Export as new Build Order

gonn Zerg 

Build Orders: Pool First 

Get SALT Encoding   

  12  0:00  Drone  
  13  0:13  Overlord  
  13  0:16  Drone  
  14  0:31  Drone x2  
  16  0:36  Drone  
  17  0:47  Spawning Pool  
  16  0:50  Extractor, Drone  
  17  0:57  Drone  
  17  1:16  Hatchery  
  17  1:17  Drone  
  17  1:21  Drone  
  18  1:31  Drone  
  19  1:39  Overlord  
  19  1:43  Queen  
  21  1:53  Drone  
  22  1:57  Metabolic Boost  
  22  2:02  Drone  
  23  2:19  Queen  
  25  2:25  Zergling x4  
  27  2:32  Drone  
  28  2:37  Zergling x2  
  28  2:43  Zergling x2  
  30  2:51  Drone  
  30  2:52  Drone x4  
  35  3:00  Overlord  
  35  3:06  Zergling x2  
  35  3:11  Overlord x2  
  36  3:21  Zergling x2  
  36  3:25  Zergling x2  
  38  3:28  Zergling x4  
  38  3:30  Zergling x6  
  38  3:31  Zergling x4  
  45  3:35  Zergling x2  
  45  3:45  Zergling x2  
  45  3:46  Zergling x2  
  43  3:59  Zergling x4  
  45  4:08  Drone x2  
  47  4:13  Roach Warren, Extractor  
  47  4:16  Zergling x2, Extractor  
  40  4:22  Hatchery  
  39  4:27  Drone x2  
  39  4:29  Drone  
  42  4:40  Zergling x12  
  42  4:41  Zergling x2  
  49  4:55  Drone x3  
  51  5:12  Drone  
  51  5:14  Lair, Overlord x2  
  51  5:15  Overlord x4  
  51  5:21  Queen  
  51  5:29  Drone  
  51  5:34  Drone  
  51  5:35  Drone  
  54  5:36  Drone  
  54  5:38  Drone  
  54  5:39  Queen, Drone x2  
  60  5:45  Roach  
  62  6:03  Drone x9  
  71  6:14  Queen  
  71  6:16  Glial Reconstitution  
  71  6:17  Roach  
  71  6:18  Roach x3  
  78  6:29  Roach  
  78  6:30  Roach x4  
  88  6:35  Roach x3  
  94  6:41  Overlord x2  
  94  6:47  Roach  
  94  6:48  Roach  
  98  6:59  Roach x3  
  98  7:00  Roach x5  
  110  7:16  Roach  
  110  7:18  Overlord x4  
  110  7:19  Overlord  
  112  7:29  Roach  
  114  7:31  Roach  
  114  7:33  Roach x3  
  112  7:37  Roach  
  112  7:38  Roach x4  
  112  7:42  Roach  
  112  7:43  Roach  
  112  7:56  Roach  
  112  7:57  Roach x3  
  116  8:01  Roach  
  116  8:02  Roach  
  104  8:13  Roach  
  104  8:14  Roach x2  
  110  8:22  Roach x3  
  110  8:24  Hatchery  
  115  8:30  Roach x4  
  123  8:39  Hydralisk Den  
  122  8:41  Drone  
  122  8:42  Drone x3  
  122  8:43  Evolution Chamber  
  122  8:44  Extractor  
  122  8:45  Drone x2  
  122  8:46  Extractor, Evolution Chamber  
  122  8:47  Roach x3  
  130  9:02  Overlord  
  130  9:03  Overlord  
  130  9:04  Overlord  
  130  9:05  Overlord  
  130  9:07  Roach x8  
  146  9:16  Zerg Missile Weapons Level 1  
  146  9:25  Zerg Ground Armor Level 1  
  146  9:26  Drone x3  
  146  9:27  Drone x3  
  152  9:37  Drone  
  152  9:38  Drone x2  
  155  9:42  Grooved Spines  
  155  9:46  Overlord x2  
  155  9:59  Overseer x2  
  155  10:02  Zergling x22  
  165  10:07  Queen x2  
  165  10:08  Queen  
  165  10:13  Hydralisk  
  165  10:14  Hydralisk  
  167  10:15  Hydralisk  
  167  10:17  Hydralisk  
  168  10:35  Hydralisk x4  
  168  10:36  Hydralisk x2  
  163  10:59  Roach x4  
  163  11:00  Roach x6  
  173  11:08  Roach x3  
  173  11:11  Hydralisk  
  147  11:15  Hydralisk  
  127  11:27  Hydralisk  
  127  11:28  Hydralisk  
  127  11:29  Hydralisk  
  127  11:31  Drone  
  127  11:32  Drone x2  
  136  11:33  Drone x2  
  136  11:34  Drone  
Tags
 
League
Diamond
Matchup
ZvZ
Race
Zerg
Spawn Locations
Cross Positions
Add a new tag
Caveats
  • Supply blocks, unpowered buildings, or Contaminate may cause inaccurate times.
  • Supply counts are checked every 10 seconds.